 Dungeon Crawl Stone Soup version 0.21.0-3-g78d12a8 (webtiles) character file.

189116 nikopol the Warrior (level 17, -4/168 HPs)
             Began as a Minotaur Berserker on Jan 16, 2018.
             Was the Champion of Trog.
             Slain by a five-headed hydra (12 damage)
             ... on level 3 of the Swamp.
             The game lasted 01:59:52 (38331 turns).

nikopol the Warrior (Minotaur Berserker)           Turns: 38331, Time: 01:59:53

Health: -4/168     AC: 22    Str: 32    XL:     17   Next: 93%
Magic:  10/25      EV: 14    Int:  7    God:    Trog [******]
Gold:   1943       SH:  4    Dex: 23    Spells: 16/16 levels left

rFire    + + .     SeeInvis .   z - +3 shortbow (venom)
rCold    . . .     Gourm    .   (shield currently unavailable)
rNeg     . . .     Faith    .   X - +8 ring mail "Fujats" {rF- Str+4 Dex+4}
rPois    +         Spirit   .   p - +2 hat {Int+3}
rElec    +         Reflect  +   i - +1 cloak
rCorr    .         Harm     .   (no gloves)
MR       +++..     NoTele   +   h - +0 pair of boots of Twilight {MR++ MP+9 Str+4}
Stlth    +++.......             W - +4 amulet of reflection
HPRegen  0.38/turn              E - ring of poison resistance
MPRegen  0.19/turn              v - ring "Feammedgh" {-Tele rElec rPois rF+++ Dex+4}

@: grasped by roots, very slow
A: retaliatory headbutt, horns 2
a: Berserk, Trog's Hand, Brothers in Arms, Burn Spellbooks, Renounce Religion


You were on level 3 of the Swamp.
You worshipped Trog.
Trog was exalted by your worship.
You were near starving.

You visited 5 branches of the dungeon, and saw 29 of its levels.
You also visited: Labyrinth.

You collected 3072 gold pieces.
You spent 1129 gold pieces at shops.

Inventory:

Hand Weapons
 a - a +9 antimagic executioner's axe
 z - a +3 shortbow of venom (weapon)
Missiles
 s - 569 arrows (quivered)
Armour
 h - the +0 pair of boots of Twilight (worn) {MR++ MP+9 Str+4}
   (You found it on level 8 of the Dungeon)

   It affects your strength (+4).
   It affects your resistance to hostile enchantments.
   It affects your magic capacity (+9).
 i - a +1 cloak (worn)
 p - a +2 hat of intelligence (worn)
 X - the +8 ring mail "Fujats" (worn) {rF- Str+4 Dex+4}
   (You found it on level 6 of the Lair of Beasts)

   It affects your strength (+4).
   It affects your dexterity (+4).
   It makes you vulnerable to fire.
Jewellery
 j - an uncursed ring of protection from cold
 v - the ring "Feammedgh" (right hand) {-Tele rElec rPois rF+++ Dex+4}
   (You found it in a labyrinth)

   [ring of poison resistance]

   It affects your dexterity (+4).
   It renders you almost immune to fire.
   It insulates you from electricity.
   It protects you from poison.
   It prevents most forms of teleportation.
 E - a ring of poison resistance (left hand)
 F - an uncursed ring of protection from cold
 L - an uncursed ring of wizardry {unknown}
 W - a +4 amulet of reflection (around neck)
Wands
 b - a wand of scattershot (10)
 l - a wand of iceblast (23)
 m - a wand of polymorph (34)
 n - a wand of paralysis (44)
 w - a wand of digging (38)
 x - a wand of clouds (6)
 A - a wand of acid (18)
 P - a wand of flame (25)
Scrolls
 e - 13 scrolls of teleportation
 f - 11 scrolls of remove curse
 k - a scroll of enchant weapon
 r - 5 scrolls of fear
 y - a scroll of blinking
 C - 2 scrolls of identify
 D - 2 scrolls of enchant armour
 H - a scroll of summoning {unknown}
 N - 2 scrolls of fog
 Q - 9 scrolls of magic mapping
Potions
 d - 3 potions of berserk rage
 g - 16 potions of curing
 o - 6 potions of haste
 q - 10 potions of heal wounds
 t - 4 potions of might
 u - a potion of flight {unknown}
 B - 4 potions of ambrosia
 G - 4 potions of magic
 I - 2 potions of invisibility
 J - a potion of cancellation
 K - a potion of resistance {unknown}
 M - 3 potions of agility
 U - 2 potions of brilliance {unknown}
Books
 O - a book of Flames

   Spells                             Type                      Level
   a - Flame Tongue                   Conjuration/Fire             1
   b - Throw Flame                    Conjuration/Fire             2
   c - Conjure Flame                  Conjuration/Fire             3
   d - Inner Flame                    Hexes/Fire                   3
   e - Sticky Flame                   Conjuration/Fire             4
   f - Fireball                       Conjuration/Fire             5
   Trog disapproves of the use of such an item.
Miscellaneous
 S - a phantom mirror
 T - a phial of floods
Comestibles
 c - 42 rations


   Skills:
 + Level 19.4 Fighting
 + Level 19.0 Axes
   Level 2.1(13.0) Maces & Flails
 + Level 18.0 Bows
 + Level 13.2 Armour
 + Level 10.2 Dodging
 + Level 4.6 Stealth


You had 16 spell levels left.
You didn't know any spells.

Dungeon Overview and Level Annotations

Branches:
Dungeon (15/15)            Temple (0/1) D:7            Lair (6/6) D:10
  Swamp (4/4) Lair:2        Snake (0/4) Lair:4        Slime (0/5) Lair:5
    Orc (2/2) D:11            Elf (2/3) Orc:2        Vaults (0/5) D:13
 Depths (0/5) D:15

Altars:
Ashenzari
Cheibriados
Fedhas
Gozag
Kikubaaqudgha
Makhleb
Okawaru
Qazlal
Ru
Trog
Uskayaw
Xom
Zin
Beogh
Jiyva
Lugonu

Shops:
D:4 ??   D:6 }   D:13 *   Orc:1 [   Orc:2 }=!(   Elf:1 (

Portals:
Hell: Lair:6


Innate Abilities, Weirdness & Mutations

You reflexively headbutt those who attack you in melee.
You have a pair of horns on your head.


Message History

The spriggan druid is engulfed in noxious fumes.
The five-headed hydra bites you!
* * * LOW HITPOINT WARNING * * *
The five-headed hydra closely misses you.
The five-headed hydra bites you but does no damage.
The five-headed hydra bites you!
* * * LOW HITPOINT WARNING * * *
The five-headed hydra bites you but does no damage.
The shambling mangrove misses you. You furiously retaliate!
You headbutt the shambling mangrove, but do no damage.
The spriggan druid is engulfed in noxious fumes.
You climb upwards.
The grasping roots settle back into the ground.
There is a stone staircase leading down here.
You cannot blink because you are wearing the ring "Feammedgh" {-Tele rElec rPois rF+++ Dex+4}.
Roots grasp at your feet, making movement difficult.
The five-headed hydra bites you!
* * * LOW HITPOINT WARNING * * *
The five-headed hydra bites you!
You die...

≈♣♣.≈♣♣♣♣.♣♣♣.≈≈....≈≈♣♣
.♣...♣♣♣≈≈....≈≈....≈≈.♣
....≈♣♣..♣≈≈.≈≈.≈≈≈.≈≈♣♣
♣.≈≈≈...≈≈≈≈....≈≈.≈...♣
.≈≈≈.≈.≈≈≈≈≈≈≈≈.≈♣≈≈≈≈.♣
≈≈.≈.≈..≈....≈≈....♣≈≈.♣
≈....≈≈.≈≈.♣§.≈.≈≈.≈≈≈≈♣
≈.≈≈.≈≈...≈≈≈≈≈.≈≈.≈≈..♣
.≈.§♣≈≈.§≈.>≈≈≈.@♣≈.≈≈.♣♣
≈≈.......≈..≈≈≈≈>D≈.≈≈≈.♣ ♣
≈♣≈≈≈≈....♣.≈..≈.f..≈≈≈.♣ ♣♣
♣≈≈≈.......♣≈≈...♣♣.≈≈≈.♣ ♣♣≈
≈♣....≈≈.≈≈..≈≈.♣♣♣..≈≈.♣ ♣♣.♣
≈≈.≈≈.....≈≈≈≈≈.♣ ♣♣..≈.♣♣♣♣♣♣..♣
≈≈.≈≈.....≈≈≈≈≈.♣ ♣.≈≈...≈...≈..
≈.≈≈.≈....♣≈....♣♣ ♣.≈≈≈.≈≈≈≈♣≈..
≈≈§≈≈≈.....≈≈≈≈≈≈♣♣♣..≈≈≈≈......♣


You could see a shambling mangrove and a five-headed hydra.

Vanquished Creatures
  Rupert (D:14)
  A tentacled monstrosity (Swamp:2)
  Gastronok (D:11)
  Donald (Swamp:3)
  2 thorn hunters
  The ghost of Stelteck the Peltast, an adept DrAE of Sif Muna (Elf:1)
  Louise (Swamp:3)
  Azrael (D:14)
  A dire elephant (D:15)
  A deep elf death mage (Elf:1)
  A minotaur (Lab)
  Josephine (D:14)
  A fire dragon (Lair:4)
  5 vault guards (D:13)
  25 hydras
  Harold (D:12)
  3 ghost crabs
  A catoblepas (D:15)
  5 centaur warriors
  20 two-headed ogres
  26 dancing weapons
  8 alligators
  2 ogre magi (Orc:2)
  3 orc high priests
  Urug (Lair:2)
  Nergalle (Orc:1)
  The ghost of vatarom the Cleaver, a novice HOFi (D:7)
  3 skeletal warriors (D:14)
  15 deep elf knights
  A sixfirhy (Lair:6)
  A spriggan druid (Swamp:4)
  2 deep trolls (Orc:2)
  3 unseen horrors
  2 shambling mangroves
  An obsidian statue (D:9)
  8 deep elf archers
  2 lindwurms (Lair:4)
  A wizard (Lair:6)
  3 swamp dragons
  4 orc knights
  2 necromancers (Elf:1)
  2 wolf spiders (D:15)
  4 orc sorcerers
  28 deep elf magi
  8 ugly things
  A manticore (D:15)
  4 cyclopes
  An ice statue (D:9)
  8 gargoyles
  5 black mambas
  4 orange demons (Lair:6)
  22 spiny frogs
  12 rime drakes
  3 kobold demonologists (D:15)
  2 yaktaurs (D:13)
  13 komodo dragons
  An efreet (D:14)
  A hellwing (Lair:6)
  An ice devil (Lair:6)
  A queen bee (shapeshifter) (D:10)
  13 trolls
  6 meliai
  3 tyrant leeches (Swamp:2)
  A red devil (Lair:6)
  A queen bee (Lair:6)
  2 large abominations
  Prince Ribbit (D:5)
  6 bog bodies
  6 hornets
  6 blink frogs
  2 raiju (D:10)
  4 dream sheep (Lair:4)
  11 hippogriffs
  A hippogriff (shapeshifter) (D:13)
  21 slime creatures
  5 spriggans
  7 shadows
  A vampire (D:14)
  2 redbacks (Lab)
  42 yaks
  8 basilisks
  A wyvern (D:11)
  A water elemental (Elf:2)
  6 wraiths
  5 fire elementals
  A human (D:13)
  27 vampire mosquitoes
  7 steam dragons
  A hungry ghost (D:12)
  A warg (Orc:2)
  10 insubstantial wisps
  11 swamp worms
  The ghost of lydgate the Covered, an amateur GrFi (D:3)
  2 acid dragons
  6 hell hounds
  10 water moccasins
  10 porcupines
  7 swamp drakes
  4 sky beasts
  2 black bears
  19 orc warriors
  3 phantoms
  2 hornet zombies
  5 wolves (Lair:3)
  29 ogres
  12 centaurs
  13 crocodiles
  2 elf zombies (Elf:1)
  A big kobold (D:15)
  14 bullfrogs
  2 earth elementals (Elf:2)
  A wyvern skeleton (D:14)
  A water moccasin skeleton (D:4)
  7 scorpions
  20 killer bees (Lair:6)
  A troll skeleton (Lab)
  A spriggan skeleton (Lab)
  12 electric eels
  12 crimson imps
  6 howler monkeys
  5 centaur zombies
  2 quasits
  A bullfrog zombie (D:11)
  A jelly (D:11)
  12 orc wizards
  4 hounds
  17 orc priests
  7 bullfrog skeletons
  5 centaur skeletons
  An iron imp (D:7)
  6 hell rats (Lair:4)
  6 iguanas
  8 worker ants
  A hound skeleton (D:6)
  A worker ant zombie (D:7)
  4 gnolls (D:10)
  13 adders
  A shadow imp (D:15)
  An ooze (D:4)
  3 adder skeletons
  3 worms
  2 dart slugs (D:2)
  A leopard gecko (D:9)
  72 orcs
  4 bats
  6 giant cockroaches
  8 goblins
  4 hobgoblins
  17 jackals
  3 quokkas
  7 frilled lizards
  A jackal zombie (D:5)
  12 kobolds
  A leopard gecko skeleton (D:2)
  3 rats
  6 fungi
  10 plants
969 creatures vanquished.

Vanquished Creatures (others)
  A deep elf mage (Elf:1)
  A crocodile (D:10)
  11 fungi
  14 plants
27 creatures vanquished.

Grand Total: 996 creatures vanquished

Notes
Turn   | Place    | Note
-------+----------+-------------------------------------------
     0 | D:1      | nikopol the Minotaur Berserker began the quest for the Orb.
     0 | D:1      | Reached XP level 1. HP: 19/19 MP: 0/0
   321 | D:1      | Reached XP level 2. HP: 27/27 MP: 1/1
  1408 | D:2      | Reached XP level 3. HP: 30/33 MP: 2/2
  1756 | D:2      | Reached ** piety under Trog
  2241 | D:3      | Reached XP level 4. HP: 41/41 MP: 3/3
  2310 | D:3      | Found a bloodstained altar of Trog.
  2319 | D:3      | Reached skill level 5 in Axes
  2783 | D:3      | Noticed lydgate's ghost (amateur GrFi)
  2793 | D:3      | Killed lydgate's ghost
  2793 | D:3      | Reached XP level 5. HP: 47/47 MP: 4/4
  3109 | D:4      | Found a bloodstained altar of Trog.
  3115 | D:4      | Reached XP level 6. HP: 53/53 MP: 5/5
  3154 | D:4      | Reached skill level 5 in Armour
  3155 | D:4      | Reached *** piety under Trog
  3294 | D:4      | Found a shattered altar of Ashenzari.
  3337 | D:4      | Reached skill level 5 in Fighting
  3371 | D:4      | Reached XP level 7. HP: 50/61 MP: 6/6
  3539 | D:4      | Found Coloaneo's Magic Scroll Shoppe.
  3544 | D:4      | Bought a scroll of teleportation for 39 gold pieces
  3544 | D:4      | Bought a scroll of identify for 26 gold pieces
  3560 | D:4      | Bought a scroll of remove curse for 39 gold pieces
  3560 | D:4      | Bought a scroll of identify for 26 gold pieces
  3668 | D:4      | Found Parphy's Magic Scroll Emporium.
  3688 | D:4      | Bought a scroll of enchant weapon for 105 gold pieces
  3828 | D:5      | Entered Level 5 of the Dungeon
  4073 | D:5      | Reached XP level 8. HP: 71/71 MP: 7/7
  4088 | D:5      | Noticed Prince Ribbit
  4096 | D:5      | Killed Prince Ribbit
  4228 | D:5      | Reached **** piety under Trog
  4261 | D:5      | Found an iron altar of Okawaru.
  4909 | D:6      | Reached skill level 1 in Bows
  6308 | D:6      | Reached skill level 1 in Stealth
  6595 | D:6      | Reached XP level 9. HP: 40/81 MP: 8/8
  6876 | D:6      | Found Fileghew's Gadget Emporium.
  7027 | D:7      | Noticed vatarom's ghost (novice HOFi)
  7040 | D:7      | Killed vatarom's ghost
  7040 | D:7      | Reached skill level 5 in Bows
  7133 | D:7      | Found a staircase to the Ecumenical Temple.
  7165 | D:7      | Found a snail-covered altar of Cheibriados.
  7456 | D:7      | Received a gift from Trog
  7958 | D:8      | Found a shimmering altar of Xom.
  8041 | D:8      | Found an opulent altar of Gozag.
  8043 | D:8      | Found a stormy altar of Qazlal.
  8043 | D:8      | Found a hide-covered altar of Uskayaw.
  8045 | D:8      | Found a blossoming altar of Fedhas.
  8045 | D:8      | Found an ancient bone altar of Kikubaaqudgha.
  8151 | D:8      | Noticed a two-headed ogre
  8168 | D:8      | Killed a two-headed ogre
  8168 | D:8      | Reached skill level 10 in Axes
  8168 | D:8      | Reached XP level 10. HP: 64/91 MP: 9/9
  8432 | D:8      | Noticed a gargoyle
  8447 | D:8      | Killed a gargoyle
  8811 | D:8      | Noticed a two-headed ogre
  8826 | D:8      | Killed a two-headed ogre
  9193 | D:8      | Got a pair of twisted boots
  9199 | D:8      | Identified the +0 pair of boots of Twilight {MR++ MP+9 Str+4} (You found it on level 8 of the Dungeon)
  9207 | D:9      | Noticed a two-headed ogre
  9213 | D:9      | Killed a two-headed ogre
  9244 | D:9      | Found a sacrificial altar of Ru.
  9274 | D:9      | Found a glowing silver altar of Zin.
  9330 | D:9      | Noticed an obsidian statue
  9415 | D:9      | Reached skill level 5 in Dodging
  9727 | D:9      | Noticed an ice statue
  9997 | D:9      | Killed an ice statue
  9997 | D:9      | Reached XP level 11. HP: 65/99 MP: 10/10
 10257 | D:10     | Entered Level 10 of the Dungeon
 10392 | D:10     | Reached skill level 10 in Fighting
 10436 | D:10     | Found a staircase to the Lair.
 10499 | D:10     | Noticed a two-headed ogre
 10511 | D:10     | Killed a two-headed ogre
 10511 | D:10     | Reached skill level 10 in Bows
 10920 | D:10     | Found a transporter.
 10935 | D:10     | Noticed a centaur warrior
 10948 | D:10     | Killed a centaur warrior
 11253 | D:9      | Noticed a sun demon
 11526 | D:9      | Noticed a soul eater
 11528 | D:9      | Killed an obsidian statue
 11667 | Lair:1   | Entered Level 1 of the Lair of Beasts
 11935 | Lair:1   | Reached ***** piety under Trog
 12056 | Lair:1   | Noticed a four-headed hydra
 12420 | Lair:1   | Killed a four-headed hydra
 12475 | Lair:1   | Reached skill level 1 in Maces & Flails
 12598 | Lair:1   | Noticed an eight-headed hydra
 12607 | Lair:1   | Killed an eight-headed hydra
 12607 | Lair:1   | Reached XP level 12. HP: 97/110 MP: 11/11
 12881 | Lair:2   | Found a labyrinth entrance.
 12898 | Lab      | Entered a labyrinth
 13231 | Lab      | Reached skill level 10 in Armour
 13529 | Lab      | Got a translucent jade ring
 13561 | Lab      | Received a gift from Trog
 14220 | Lab      | Noticed a minotaur
 14226 | Lab      | Killed a minotaur
 14266 | Lab      | Identified Sif Muna's Disquisition on Burning Glamour
 14304 | Lair:2   | Identified the ring "Feammedgh" {-Tele rElec rPois rF+++ Dex+4} (You found it in a labyrinth)
 14400 | Lair:2   | Noticed Urug
 14419 | Lair:2   | Killed Urug
 15083 | Lair:2   | Found a staircase to the Swamp.
 15349 | Lair:2   | You fall through a shaft for 2 floors!
 15367 | Lair:4   | Received a gift from Trog
 15530 | Lair:4   | Noticed a six-headed hydra
 15539 | Lair:4   | Killed a six-headed hydra
 16154 | Lair:3   | Reached XP level 13. HP: 92/118 MP: 12/12
 16297 | Lair:3   | Received a gift from Trog
 17614 | Lair:4   | Noticed a fire dragon
 17656 | Lair:4   | Killed a fire dragon
 18233 | Lair:4   | Found a staircase to the Snake Pit.
 19547 | Lair:5   | Found a viscous altar of Jiyva.
 19547 | Lair:5   | Found a staircase to the Slime Pits.
 19750 | Lair:6   | Entered Level 6 of the Lair of Beasts
 20376 | Lair:6   | Reached XP level 14. HP: 95/129 MP: 13/13
 20501 | Lair:6   | Received a gift from Trog
 20786 | Lair:6   | Found a burning altar of Makhleb.
 20795 | Lair:6   | Found a gateway to Hell.
 20812 | Lair:6   | Received a gift from Trog
 21663 | Lair:6   | Got a jewelled ring mail
 21674 | Lair:6   | Identified the +8 ring mail "Fujats" {rF- Str+4 Dex+4} (You found it on level 6 of the Lair of Beasts)
 21980 | D:10     | Found a corrupted altar of Lugonu.
 21996 | D:10     | Reached ****** piety under Trog
 22010 | D:10     | Reached skill level 15 in Axes
 22017 | D:10     | Found a transporter.
 22053 | D:10     | Paralysed by fainting for 5 turns
 22074 | D:10     | Got an ancient scale mail
 22085 | D:10     | Identified the cursed +0 scale mail "Maacs" {Int-5 Slay+6} (You found it on level 10 of the Dungeon)
 22085 | D:10     | Lost intelligence.
 22228 | D:11     | Found a staircase to the Orcish Mines.
 22441 | D:11     | Received a gift from Trog
 22902 | D:11     | Noticed Gastronok
 22917 | D:11     | Killed Gastronok
 22969 | D:12     | Noticed Harold
 22985 | D:12     | Killed Harold
 23057 | D:12     | Received a gift from Trog
 23057 | D:12     | Reached skill level 15 in Fighting
 23255 | D:12     | Reached skill level 15 in Bows
 24189 | D:13     | Reached XP level 15. HP: 141/141 MP: 14/14
 24958 | D:13     | Found a gate to the Vaults.
 25045 | D:13     | Found Urphio's Assorted Antiques.
 25057 | D:13     | Bought a scroll of identify for 44 gold pieces
 25057 | D:13     | Bought a potion of heal wounds for 110 gold pieces
 25067 | D:13     | Found a glowing silver altar of Zin.
 25321 | Orc:1    | Entered Level 1 of the Orcish Mines
 25321 | Orc:1    | Noticed Nergalle
 25342 | Orc:1    | Killed Nergalle
 25721 | Orc:2    | Entered Level 2 of the Orcish Mines
 25721 | Orc:2    | Found a staircase to the Elven Halls.
 25731 | Orc:1    | Received a gift from Trog
 25989 | Orc:2    | Received a gift from Trog
 26161 | Orc:2    | Received a gift from Trog
 26457 | Orc:2    | Found Lipreree's Distillery.
 26472 | Orc:2    | Found Wamat's Weapon Emporium.
 26792 | Orc:2    | Found Sazicuck's Jewellery Shop.
 26822 | Orc:2    | Bought a potion of heal wounds for 60 gold pieces
 26822 | Orc:2    | Bought 2 potions of heal wounds for 120 gold pieces
 26822 | Orc:2    | Bought a potion of heal wounds for 60 gold pieces
 26824 | Orc:2    | Found Kutun's Gadget Shoppe.
 26937 | Orc:2    | Found a runed door.
 27512 | Orc:2    | Found a roughly hewn altar of Beogh.
 27657 | Orc:1    | Received a gift from Trog
 27678 | Orc:1    | Found Baetuyvy's Antique Armour Shop.
 27952 | D:14     | Noticed Azrael
 27963 | D:14     | Killed Azrael
 28968 | D:14     | Found a snail-covered altar of Cheibriados.
 29034 | D:14     | Noticed Rupert
 29049 | D:14     | Killed Rupert
 29201 | D:14     | Received a gift from Trog
 29235 | D:14     | Found the +3 Elemental Staff {rElec rF++ rC++ MR++ AC+5}
 29265 | D:14     | Noticed Josephine
 29271 | D:14     | Killed Josephine
 29288 | D:14     | Reached XP level 16. HP: 116/155 MP: 15/15
 29294 | D:14     | Received a gift from Trog
 29525 | D:15     | Entered Level 15 of the Dungeon
 29919 | D:15     | Found a staircase to the Depths.
 30949 | Elf:1    | Entered Level 1 of the Elven Halls
 31226 | Elf:1    | Found Zuoqil's Weapon Shop.
 31261 | Elf:1    | Received a gift from Trog
 31984 | Elf:1    | Noticed Stelteck's ghost (adept DrAE)
 32005 | Elf:1    | Killed Stelteck's ghost
 32803 | Elf:2    | Received a gift from Trog
 33025 | Elf:2    | Found a huge runed gate.
 33025 | Elf:2    | Found a huge runed gate.
 33025 | Elf:2    | Found a huge runed gate.
 33026 | Elf:2    | Found a huge runed gate.
 33028 | Elf:2    | Found a huge runed gate.
 33931 | Elf:2    | Reached XP level 17. HP: 148/165 MP: 8/16
 34590 | Elf:2    | Received a gift from Trog
 34842 | Orc:2    | Bought an uncursed ring of poison resistance for 200 gold pieces
 34842 | Orc:2    | Bought an uncursed amulet of the gourmand for 300 gold pieces
 35044 | Swamp:1  | Entered Level 1 of the Swamp
 36061 | Swamp:2  | Received a gift from Trog
 36702 | Swamp:2  | Received a gift from Trog
 36945 | Swamp:2  | Noticed a tentacled monstrosity
 36969 | Swamp:2  | Killed a tentacled monstrosity
 36969 | Swamp:2  | Reached skill level 10 in Dodging
 37142 | Swamp:2  | Received a gift from Trog
 37548 | Swamp:3  | Noticed Donald
 37557 | Swamp:3  | Killed Donald
 37734 | Swamp:3  | Noticed Louise
 37763 | Swamp:3  | Killed Louise
 38108 | Swamp:4  | Entered Level 4 of the Swamp
 38326 | Swamp:4  | HP: 7/168 [shambling mangrove (16)]
 38331 | Swamp:3  | HP: 8/168 [five-headed hydra (7)]
 38331 | Swamp:3  | Slain by a five-headed hydra

Skill      XL: |  1  2  3  4  5  6  7  8  9 10 11 12 13 14 15 16 17 |
---------------+----------------------------------------------------+-----
Fighting       | 4 5 6 7 9 11 12 13 15 17 18 19 | 19.4
Axes           | 4 6 7 8 9 10 11 12 13 14 15 16 17 19 | 19.0
Armour         | 3 4 5 6 7 8 9 10 11 12 13 | 13.2
Dodging        | 3 4 5 6 7 8 9 10 | 10.2
Bows           | 3 7 9 10 12 14 15 16 17 18 | 18.0
Stealth        | 1 2 3 4 |  4.6
Maces & Flails | 2 |  2.1

Action                   |  1- 3 |  4- 6 |  7- 9 | 10-12 | 13-15 | 16-18 || total
-------------------------+-------+-------+-------+-------+-------+-------++-------
Melee: Hand axe          |    93 |   102 |   104 |       |       |       ||   299
       Headbutt          |    11 |    19 |    51 |   124 |   157 |   109 ||   471
       War axe           |       |       |    52 |   345 |   414 |     6 ||   817
       Dire flail        |       |       |       |     5 |       |       ||     5
       Mace              |       |       |       |     5 |       |       ||     5
       Shortbow          |       |       |       |       |     1 |     1 ||     2
       Battleaxe         |       |       |       |       |       |   121 ||   121
       Executioner's axe |       |       |       |       |       |   214 ||   214
 Fire: Shortbow          |       |       |   145 |   363 |   937 |   823 ||  2268
Invok: Berserk           |       |     1 |     3 |     6 |     4 |     1 ||    15
       Burn Spellbooks   |       |       |     2 |     3 |     2 |     3 ||    10
  Use: Scroll            |       |       |     7 |     8 |    16 |     8 ||    39
       Potion            |       |       |       |       |     1 |     2 ||     3
 Stab: Petrifying        |       |       |       |       |       |     1 ||     1
       Sleeping          |       |       |       |       |       |     1 ||     1
       Distracted        |       |       |       |       |       |     1 ||     1
  Eat: Chunk             |     4 |     5 |     6 |    17 |    43 |    20 ||    95
       Ration            |       |       |     3 |     4 |       |     2 ||     9
Armor: Chain mail        |    16 |       |       |       |       |       ||    16
       Animal skin       |     4 |       |       |       |       |       ||     4
       Scale mail        |    31 |    55 |    51 |    73 |    49 |       ||   259
       Ring mail         |       |       |       |       |   121 |   209 ||   330
Dodge: Dodged            |    56 |    88 |   100 |   274 |   360 |   360 ||  1238
Block: Other             |       |       |       |       |       |    38 ||    38
